 Dungeon Crawl Stone Soup version 0.30.0 (webtiles) character file.

Game seed: 3308551431697056887

5685 marwff the Covert (level 10, -5/59 HPs)
             Began as a Deep Elf Conjurer on June 1, 2023.
             Was a Priest of Sif Muna.
             Slain by an orc knight
             ... wielding a +0 halberd
              (26 damage)
             ... in a bailey.
             The game lasted 00:35:44 (13994 turns).

marwff the Covert (Deep Elf Conjurer)              Turns: 13994, Time: 00:35:45

Health: -5/59      AC:  9    Str:  4    XL:     10   Next: 47%
Magic:  10/22      EV: 16    Int: 28    God:    Sif Muna [***...]
Gold:   255        SH:  0    Dex: 13    Spells: 20/23 levels left

rFire   + . .        v - staff of conjuration
rCold   + . .        (no shield)
rNeg    . . .        L - +0 steam dragon scales
rPois   .            O - +0 helmet
rElec   .            l - scarf {+Inv}
rCorr   .            (no gloves)
SInv    .            w - +2 pair of boots
Will    +....        (no amulet)
Stlth   ++++         u - ring of protection from cold
HPRegen 0.29/turn    D - ring of protection from fire
MPRegen 0.18/turn

%: no passive effects
@: no status effects
A: no striking features
a: Renounce Religion, Evoke Invisibility, Channel Magic, Forget Spell


You were in a bailey.
You worshipped Sif Muna.
Sif Muna was most pleased with you.
You visited 2 branches of the dungeon, and saw 10 of its levels.
You also visited: Ossuary and Bailey.

You collected 661 gold pieces.
You spent 406 gold pieces at shops.

Inventory:

Hand Weapons
 F - a +2 whip of electrocution
 M - a +2 dagger of protection
Missiles
 r - a throwing net (quivered)
 B - 12 poisoned darts
Armour
 l - a scarf of invisibility (worn)
 w - a +2 pair of boots (worn)
 L - +0 steam dragon scales (worn)
 O - a +0 helmet (worn)
Magical Staves
 v - a staff of conjuration (weapon)
Jewellery
 u - a ring of protection from cold (left hand)
 x - a ring of poison resistance
 D - a ring of protection from fire (right hand)
 E - a ring of protection from cold
 P - a ring of ice
Wands
 y - a wand of light (3)
Scrolls
 a - a scroll of torment {unknown}
 e - 4 scrolls of fear {unknown}
 h - 3 scrolls of enchant armour
 i - 9 scrolls of identify {unknown}
 n - a scroll of noise {unknown}
 o - 7 scrolls of vulnerability {unknown}
 p - 6 scrolls of teleportation {unknown}
 q - 2 scrolls of fog {unknown}
 t - a scroll of enchant weapon {unknown}
 A - 4 scrolls of amnesia
 H - 2 scrolls of immolation {unknown}
 I - 2 scrolls of blinking
 J - a scroll of brand weapon {unknown}
Potions
 b - 3 potions of magic
 c - 4 potions of haste
 d - 3 potions of flight {unknown}
 f - 2 potions of cancellation {unknown}
 g - 7 potions of brilliance {unknown}
 j - 4 potions of mutation
 k - 4 potions of curing {unknown}
 m - 9 potions of berserk rage {unknown}
 s - 3 potions of lignification {unknown}
 C - a potion of ambrosia {unknown}
 G - a potion of degeneration {unknown}
 K - a potion of might {unknown}
 N - a potion of invisibility {unknown}


   Skills:
 - Level 5.0 Fighting
 - Level 10.0 Dodging
 - Level 10.3 Stealth
 - Level 7.0 Spellcasting
 - Level 7.8 Conjurations
 + Level 4.0 Invocations
 + Level 4.0 Evocations


You had 20 spell levels left.
You knew the following spells:

 Your Spells              Type           Power      Damage    Failure   Level
a - Magic Dart            Conj           100%       1d8       1%          1
b - Searing Ray           Conj           100%       2d8       1%          2

Your spell library contained the following spells:

 Spells                   Type           Power      Damage    Failure   Level
 Dazzling Flash           Conj/Hex       94%        N/A       3%          3
 Mephitic Cloud           Conj/Pois/Air  36%        N/A       5%          3
 Call Imp                 Summ           18%        N/A       9%          2
 Fulminant Prism          Conj/Hex       23%        3d12      11%         4
 Iskenderun's Mystic Bla  Conj/Tloc      47%        2d10      11%         4


Dungeon Overview and Level Annotations

Branches:
Dungeon (9/15)             Temple (1/1) D:4            Lair (0/5) D:8
Ossuary (visited)          Bailey (1/1)
    Orc: D:9-12

Altars:
Ashenzari
Cheibriados
Dithmenos
Elyvilon
Fedhas
Gozag
Kikubaaqudgha
Makhleb
Nemelex Xobeh
Okawaru
Qazlal
Ru
Sif Muna
Trog
Uskayaw
Wu Jian
Xom
Zin

Shops:
D:1 !   D:7 ?   D:9 *


Message History

Confirm with . or Enter, or press ? or * to list all spells.
Aiming: Searing Ray (safe; 1% risk of failure)
Press: ? - help, Shift-Dir - straight line, f/p - orc knight
Aim: an orc knight, wielding a +0 halberd and wearing a +2 plate armour of poison resistance (heavily wounded, blind, 83% to hit)
You feel a surge of power!
The searing ray hits the orc knight but does no damage.
The orc knight is heavily wounded. (Press . to maintain the ray.)
The orc knight closely misses you.
The searing ray hits the orc knight!
The orc knight is severely wounded.
The searing ray hits the orc knight but does no damage.
The orc knight is severely wounded.
The orc knight hits you with a +0 halberd!
* * * LOW HITPOINT WARNING * * *
The searing ray misses the orc knight.
You finish channelling your searing ray.
The orc knight closely misses you.
Casting: Searing Ray (safe; 1% risk of failure)
Confirm with . or Enter, or press ? or * to list all spells.
Aiming: Searing Ray (safe; 1% risk of failure)
Press: ? - help, Shift-Dir - straight line, f/p - orc knight
Aim: an orc knight, wielding a +0 halberd and wearing a +2 plate armour of poison resistance (severely wounded, blind, 83% to hit)
You feel a surge of power!
The searing ray hits the orc knight but does no damage.
The orc knight is severely wounded. (Press . to maintain the ray.)
The orc knight hits you with a +0 halberd!
* * * LOW HITPOINT WARNING * * *
The searing ray hits the orc knight.
The orc knight is severely wounded.
* * * LOW MAGIC WARNING * * *
The orc knight is no longer blind.
The orc knight hits you with a +0 halberd!
* * * LOW HITPOINT WARNING * * *
The searing ray hits the orc knight.
The orc knight is almost dead.
* * * LOW MAGIC WARNING * * *
The orc knight hits you with a +0 halberd!!
You die...

###########
##.........##
##..~~)~~~~..#
##..~~.....~~..
##########..~((.###..~~.
#.......)..~~..## ##).~~
#.~~~~~~~~(~..##.∩.##..~
#.~....@o...)##.....##..
#.~.#############+###'##
#.~.## ........# #.~..##
≈≈≈≈≈≈≈.. #.~~..##
≈.....≈≈.. ##.~~..#
..⌠∩⌠..... #∩.~~..#
...⌠...≈≈. #.~~..##.#
≈.....≈≈.. #.~..##.$.
≈≈.§≈≈


o' You could see an orc knight.

Vanquished Creatures
  An orc knight (Bailey)
  Pikel (D:8)
  Joseph (D:9)
  Maggie (D:8)
  Prince Ribbit (D:8)
  Grinder (D:6)
  A shadow (D:8)
  A wyvern (D:8)
  3 steam dragons
  Menkaure (D:6)
  A water moccasin (D:6)
  4 orc warriors
  A black bear (D:5)
  An ice beast (D:7)
  A sky beast (D:8)
  2 ogres
  3 centaurs
  4 lemures
  2 phantoms
  2 kobold brigands
  A bullfrog (D:7)
  2 scorpions
  3 wights (D:7)
  An electric eel (D:7)
  A howler monkey (D:9)
  6 hounds
  4 orc priests
  A gnoll bouda (D:7)
  2 jellies
  A sleepcap (D:6)
  6 iguanas
  5 orc wizards
  4 mummies (Ossuary)
  15 gnolls
  8 adders
  A shadow imp (D:6)
  2 worms
  5 dart slugs
  41 orcs
  5 bats
  10 endoplasms
  5 giant cockroaches
  6 gnoll zombies (Ossuary)
  8 goblins
  8 hobgoblins
  2 jackals (D:1)
  9 quokkas
  7 ball pythons
  3 frilled lizards
  5 gnoll skeletons (Ossuary)
  9 goblin skeletons (Ossuary)
  2 goblin zombies (Ossuary)
  3 hobgoblin skeletons (Ossuary)
  3 hobgoblin zombies (Ossuary)
  18 kobolds
  4 kobold skeletons (Ossuary)
  5 kobold zombies (Ossuary)
  An orc skeleton (Ossuary)
  5 orc zombies (Ossuary)
  2 rats
  3 rat skeletons (Ossuary)
  4 rat zombies (Ossuary)
269 creatures vanquished.

Notes
Turn   | Place    | Note
-------+----------+-------------------------------------------
     0 | D:1      | marwff the Deep Elf Conjurer began the quest for the Orb.
     0 | D:1      | Reached XP level 1. HP: 10/10 MP: 6/6
    43 | D:1      | Found Kiygroax's Distillery.
   267 | D:1      | Reached XP level 2. HP: 15/15 MP: 6/8
   270 | D:1      | Learned a level 2 spell: Searing Ray
   512 | D:1      | Reached skill level 5 in Conjurations
   662 | D:1      | Reached XP level 3. HP: 19/19 MP: 6/10
  1454 | D:2      | Reached XP level 4. HP: 24/24 MP: 4/12
  2313 | D:2      | Found a glowing silver altar of Zin.
  2356 | D:2      | Reached XP level 5. HP: 28/28 MP: 7/14
  3039 | D:3      | Found a faded altar of an unknown god.
  3131 | D:3      | Found a white marble altar of Elyvilon.
  3175 | D:3      | Reached skill level 5 in Spellcasting
  3443 | D:3      | Found a glowing silver altar of Zin.
  3444 | D:3      | Noticed an angel
  3677 | D:4      | Found a sacrificial altar of Ru.
  3908 | D:4      | Reached XP level 6. HP: 32/32 MP: 6/16
  4464 | D:4      | Reached XP level 7. HP: 11/36 MP: 10/19
  4787 | D:4      | Found a staircase to the Ecumenical Temple.
  4796 | Temple   | Entered the Ecumenical Temple
  5141 | D:5      | Entered Level 5 of the Dungeon
  5385 | Temple   | Became a worshipper of Sif Muna the Loreminder
  5565 | D:5      | Found a stormy altar of Qazlal.
  5614 | D:5      | Noticed a steam dragon
  5643 | D:5      | Killed a steam dragon
  5873 | D:5      | Reached skill level 5 in Stealth
  6284 | D:5      | Found a hide-covered altar of Uskayaw.
  6300 | D:5      | Reached XP level 8. HP: 41/41 MP: 14/20
  6565 | D:6      | Noticed Menkaure
  6593 | D:6      | Killed Menkaure
  6594 | D:6      | Reached skill level 5 in Dodging
  7582 | D:6      | Noticed Grinder
  8335 | D:6      | Killed Grinder
  8510 | D:7      | Reached XP level 9. HP: 45/45 MP: 15/21
  8564 | D:7      | Reached * piety under Sif Muna
  8641 | D:7      | Reached skill level 10 in Stealth
  8646 | D:7      | Reached skill level 1 in Fighting
  9026 | D:7      | Found a shimmering altar of Xom.
  9028 | D:7      | Found a bloodstained altar of Trog.
  9028 | D:7      | Found a broken altar of Ashenzari.
  9030 | D:7      | Found a shimmering altar of Xom.
  9030 | D:7      | Found a broken altar of Ashenzari.
  9030 | D:7      | Found a broken altar of Ashenzari.
  9206 | D:7      | Found an iron altar of Okawaru.
  9206 | D:7      | Found a bloodstained altar of Trog.
  9543 | D:7      | Found Gamiofepp's Magic Scroll Boutique.
  9546 | D:7      | Bought a scroll of amnesia for 44 gold pieces
  9546 | D:7      | Bought a scroll of enchant armour for 82 gold pieces
  9546 | D:7      | Bought a scroll of blinking for 82 gold pieces
  9738 | D:1      | Bought a potion of mutation for 88 gold pieces
  9738 | D:1      | Bought a potion of haste for 110 gold pieces
  9995 | D:8      | Noticed Pikel
  9995 | D:8      | Found a sand-covered staircase.
 10046 | D:8      | Killed Pikel
 10171 | Ossuary  | Entered an ossuary
 10622 | Ossuary  | Reached ** piety under Sif Muna
 11495 | D:8      | Noticed Maggie
 11584 | D:8      | Noticed Prince Ribbit
 11601 | D:8      | Killed Prince Ribbit
 11915 | D:8      | Reached XP level 10. HP: 24/58 MP: 7/22
 12098 | D:8      | Found a staircase to the Lair.
 12305 | D:8      | Found a shadowy altar of Dithmenos.
 12715 | D:8      | Reached *** piety under Sif Muna
 12782 | D:8      | Killed Maggie
 12783 | D:8      | Reached skill level 5 in Fighting
 12783 | D:8      | Reached skill level 10 in Dodging
 12902 | D:8      | Found a snail-covered altar of Cheibriados.
 12946 | D:9      | Found Huicaug's Assorted Antiques.
 12968 | D:8      | Reached skill level 1 in Invocations
 12968 | D:8      | Reached skill level 1 in Evocations
 13177 | D:9      | Noticed Joseph
 13190 | D:9      | Killed Joseph
 13463 | D:9      | Found a flagged portal.
 13470 | Bailey   | Entered a bailey
 13812 | Bailey   | Noticed an orc knight
 13813 | Bailey   | Noticed an orc knight
 13813 | Bailey   | Noticed an orc knight
 13847 | Bailey   | Killed an orc knight
 13994 | Bailey   | Slain by an orc knight

Illustrated notes

Levels and vault maps discovered:
D:1:      heliophobic_arrival_enchanted_forest, layout_basic, serial_shops,
          nicolae_shop_just_a_little_nook, st_stairs_3, minmay_circled_x
D:2:      layout_loops_corners, basic_altar, dk_vineyard_1
D:3:      layout_rooms, zin_angel, lemuel_crystal_altar,
          shapermc_ecumenical_altar_flowoftime
D:4:      layout_cave_pods, mainiacjoe_overflow_paths,
          minmay_temple_entry_proselytizer, kennysheep_generic_room_11
D:5:      layout_basic, mainiacjoe_overflow_alcove_4,
          nicolae_qazlal_general_emergency, patterned_corridor
D:6:      layout_cave_pools, minmay_misc_feat_nine_boxes, minmay_pentangle,
          uniq_grinder, uniq_menkaure
D:7:      layout_basic, grunt_temple_overflow_bloody_war, doesnt_xom_only_xom,
          serial_shops, nicolae_shop_rolled_up, nrook_pool_corridor
D:8:      kennysheep_spiral_hall, layout_gridville,
          lemuel_coloured_pillars_altar, kennysheep_mini_moat, enter_ossuary_3,
          uniq_prince_ribbit1, uniq_pikel, uniq_maggie
D:9:      layout_roguey, nicolae_overflow_hidden_temple, serial_shops, shop,
          enter_bailey_2, uniq_maurice, uniq_joseph
Temple:   hellmonk_temple_flake
Bailey:   bailey_polearm_1, bailey

Skill      XL: |  1  2  3  4  5  6  7  8  9 10 |
---------------+-------------------------------+-----
Conjurations   | 5 6 7 |  7.8
Spellcasting   | 4 5 6 7 |  7.0
Stealth        | 3 5 9 10 | 10.3
Dodging        | 4 7 9 10 | 10.0
Fighting       | 4 5 |  5.0
Invocations    | 4 |  4.0
Evocations     | 4 |  4.0

Action                     |  1- 3 |  4- 6 |  7- 9 | 10-12 || total
---------------------------+-------+-------+-------+-------++-------
  Melee: Staff             |       |       |     1 |     1 ||     2
  Throw: Dart              |       |       |       |     6 ||     6
   Cast: Magic Dart        |    56 |    75 |   190 |    39 ||   360
         Searing Ray       |     9 |    30 |    88 |    40 ||   167
  Evoke: Wand              |       |       |     3 |     7 ||    10
    Use: Scroll            |       |       |     1 |       ||     1
   Stab: Sleeping          |       |       |       |     1 ||     1
 Armour: Robe              |     5 |     5 |     8 |       ||    18
         Steam dragon scal |       |       |     2 |     6 ||     8
  Dodge: Dodged            |     8 |     8 |    52 |    24 ||    92
